 Dungeon Crawl Stone Soup version 0.21.1-1-g345015fe64 (webtiles) character file.

9 Nordon the Firebug (level 2, -1/19 HPs)
             Began as a Demonspawn Fire Elementalist on May 11, 2018.
             Slain by a jackal (3 damage)
             ... on level 1 of the Dungeon.
             The game lasted 00:01:52 (411 turns).

Nordon the Firebug (Demonspawn Fire Elementalist)    Turns: 411, Time: 00:01:52

Health: -1/19      AC:  2    Str:  8    XL:     2   Next: 3%
Magic:  0/5        EV: 12    Int: 16    God:
Gold:   28         SH:  0    Dex: 13    Spells: 4/5 levels left

rFire    . . .     SeeInvis .   d - +0 dagger
rCold    . . .     Gourm    .   (no shield)
rNeg     . . .     Faith    .   a - +0 robe
rPois    .         Spirit   .   (no helmet)
rElec    .         Reflect  .   (no cloak)
rCorr    .         Harm     .   (no gloves)
MR       .....                  (no boots)
Stlth    +++.......             (no amulet)
HPRegen  0.06/turn              (no ring)
MPRegen  0.09/turn              (no ring)

@: very slightly contaminated
A: nightstalker 1
a: no special abilities


You were on level 1 of the Dungeon.
You were not hungry.

You visited 1 branch of the dungeon, and saw 1 of its levels.

You collected 28 gold pieces.


Innate Abilities, Weirdness & Mutations

You are slightly more attuned to the shadows.


   Skills:
 - Level 1.7 Dodging
 - Level 1.7 Stealth
 + Level 2.2 Spellcasting
 + Level 1.4 Conjurations
 + Level 2.9 Fire Magic


You had 4 spell levels left.
You knew the following spells:

 Your Spells              Type           Power        Failure   Level  Hunger
z - Flame Tongue          Conj/Fire      #....        9%          1    #......

Inventory:

Hand Weapons
 d - a +0 dagger (weapon)
 e - a +0 hunting sling
 f - a +0 short sword
Armour
 a - a +0 robe (worn)
Books
 b - a book of Flames

   Spells                             Type                      Level
   a - Flame Tongue                   Conjuration/Fire             1
   b - Throw Flame                    Conjuration/Fire             2
   c - Conjure Flame                  Conjuration/Fire             3
   d - Inner Flame                    Hexes/Fire                   3
   e - Sticky Flame                   Conjuration/Fire             4
   f - Fireball                       Conjuration/Fire             5
Comestibles
 c - 3 rations {@e1}

Dungeon Overview and Level Annotations

Branches:
Dungeon (1/15)

Altars:

#.......(.#
#.........#
#≈≈##.........#
#≈≈≈#.........#
#≈≈≈≈...)....#
#≈≈≈≈≈≈≈.≈...#
##≈≈≈≈≈≈s≈≈≈≈##
###≈≈≈≈h≈≈≈≈≈##
#...≈@≈≈≈≈≈≈##
#........≈≈≈≈#
#.........#≈≈#
#.........#≈≈≈#
#.........# ≈≈#
#.........#
#.........#
#<.......>#
###########


You could see a jackal and a giant cockroach.


Message History

The jackal bites you.
* * * LOW HITPOINT WARNING * * *
You hit the jackal but do no damage.
The jackal is severely wounded.
The jackal misses you. The jackal closely misses you.
You aren't carrying any potions.
Unknown command.
The giant cockroach waves its antennae.
Your magical contamination has completely faded away.
Okay, then.
You closely miss the jackal.
The jackal is severely wounded.
The jackal bites you but does no damage.
The jackal barely misses you.
Casting: Flame Tongue
Confirm with . or Enter, or press ? or * to list all spells.
Aiming: Flame Tongue
Press: ? - help, Shift-Dir - straight line, f/p - jackal
Aim: a jackal (severely wounded)
You miscast Flame Tongue.
You are very lightly contaminated with residual magic.
Nothing appears to happen.
The jackal misses you.
You barely miss the jackal.
The jackal is severely wounded.
The jackal bites you.
* * * LOW HITPOINT WARNING * * *
You barely miss the jackal.
The jackal is severely wounded.
The jackal bites you.
You die...

Action                   || total
-------------------------++-------
Melee: Dagger            ||    33
       Unarmed           ||    14
 Cast: Flame Tongue      ||    12
Armor: Robe              ||    10
Dodge: Dodged            ||    41

Vault maps used:
D:1:      lemuel_arrival_river_bridge

Notes
Turn   | Place    | Note
-------+----------+-------------------------------------------
     0 | D:1      | Nordon the Demonspawn Fire Elementalist began the quest for the Orb.
     0 | D:1      | Reached XP level 1. HP: 13/13 MP: 3/3
   391 | D:1      | Gained mutation: You are slightly more attuned to the shadows. [demonic ancestry]
   391 | D:1      | Reached XP level 2. HP: 11/19 MP: 0/5
   411 | D:1      | Slain by a jackal

Vanquished Creatures
  A giant cockroach (D:1)
  2 hobgoblins (D:1)
  A jackal (D:1)
  A frilled lizard (D:1)
  2 kobolds (D:1)
  A rat (D:1)
8 creatures vanquished.

Table legend:
 A = Turns spent in this place as a percentage of turns spent in the entire game.
 B = Non-inter-level travel turns spent in this place as a percentage of non-inter-level travel turns spent in the entire game.
 C = Inter-level travel turns spent in this place as a percentage of turns spent in this place.
 D = Turns resting spent in this place as a percentage of non-inter-level travel turns spent in this place.
 E = Turns spent auto-exploring this place as a percentage of non-inter-level travel turns spent in this place.
 F = Non-inter-level travel turns spent in this place divided by the number of levels of this place that you've seen.
                   A       B       C       D       E      F
               +-------+-------+-------+-------+-------+----------------------
         Total | 100.0 | 100.0 |   0.0 |  59.1 |   4.1 | 411.0
       Dungeon | 100.0 | 100.0 |   0.0 |  59.1 |   4.1 | 411.0
               +-------+-------+-------+-------+-------+----------------------

Table legend:
 A = Spawn XP
 B = Non-spawn XP
 C = Spawn XP percentage of total XP
 D = Spawn monster count
 E = Non-spawn monster count
 F = Spawn count percentage of total count
 G = Total turns spent on level
                    A         B        C        D         E        F      G
               +---------+---------+-------+---------+---------+-------+---------
         Total |       0 |      13 |   0.0 |       0 |       8 |   0.0 |   411
               +---------+---------+-------+---------+---------+-------+---------
           D:1 |       0 |      13 |   0.0 |       0 |       8 |   0.0 |   411
               +---------+---------+-------+---------+---------+-------+---------
